 Dungeon Crawl Stone Soup version 0.21-a0-41-g5e91fef (webtiles) character file.

23 roguesci the Chiller (level 2, -7/23 HPs)
             Began as a Draconian Ice Elementalist on June 3, 2017.
             Mangled by Sigmund
             ... wielding a +0 scythe
              (9 damage)
             ... on level 1 of the Dungeon.
             The game lasted 00:04:29 (815 turns).

roguesci the Chiller (Draconian Ice Elementalist)    Turns: 815, Time: 00:04:30

Health: -7/23      AC:  5    Str: 15    XL:     2   Next: 72%
Magic:  5/5        EV: 12    Int: 15    God:
Gold:   50         SH:  0    Dex: 11    Spells: 4/5 levels left

rFire    . . .     SeeInvis .   c - +0 club
rCold    . . .     Gourm    .   (no shield)
rNeg     . . .     Faith    .   (armour unavailable)
rPois    .         Spirit   .   (helmet restricted)
rElec    .         Reflect  .   (no cloak)
rCorr    .         Harm     .   e - +0 pair of gloves
MR       .....                  (no boots)
Stlth    ++........             (no amulet)
Regen    0.1/turn               (no ring)
MPRegen  0.1/turn               (no ring)

@: mighty
A: unfitting armour, cold-blooded, AC +4
a: no special abilities


You were on level 1 of the Dungeon.
You were not hungry.

You visited 1 branch of the dungeon, and saw 2 of its levels.

You collected 50 gold pieces.

Inventory:

Hand Weapons
 c - a +0 club (weapon)
Missiles
 d - 34 stones (quivered)
Armour
 e - a +0 pair of gloves (worn)
Scrolls
 h - a scroll of immolation {unknown}
 i - a scroll of identify {unknown}
 l - 2 scrolls of fog {unknown}
Books
 a - a book of Frost

   Spells                             Type                      Level
   a - Freeze                         Ice                          1
   b - Throw Frost                    Conjuration/Ice              2
   c - Ozocubu's Armour               Charms/Ice                   3
   d - Throw Icicle                   Conjuration/Ice              4
   e - Summon Ice Beast               Ice/Summoning                4
Comestibles
 b - a bread ration
 f - a chunk of flesh
 g - 2 meat rations
 j - a royal jelly


   Skills:
 * Level 1.2 Fighting
 + Level 0.4 Maces & Flails
 + Level 2.0 Dodging
 + Level 2.0 Stealth
 * Level 2.3 Spellcasting
   Level 1.0 Conjurations
 + Level 3.0 Ice Magic


You had 4 spell levels left.
You knew the following spells:

 Your Spells              Type           Power        Failure   Level  Hunger
a - Freeze                Ice            ##..         6%          1    #......


Dungeon Overview and Level Annotations

Branches:
Dungeon (2/15)

Altars:

Annotations:
D:1 Sigmund


Innate Abilities, Weirdness & Mutations

Your plain brown scales are hard. (AC +4)
You cannot fit into any form of body armour.
You are cold-blooded and may be slowed by cold attacks.


Message History

Okay, then.
You hit Sigmund.
Sigmund is lightly wounded.
You sock Sigmund!
Sigmund is moderately wounded.
Sigmund barely misses you.
You hit Sigmund.
Sigmund is moderately wounded.
Sigmund hits you with a scythe!
You barely miss Sigmund.
Sigmund is moderately wounded.
Sigmund closely misses you.
You hit Sigmund. You tail-slap Sigmund!
Sigmund is almost dead.
Sigmund hits you with a scythe!
* * * LOW HITPOINT WARNING * * *
You closely miss Sigmund.
Sigmund is almost dead.
Sigmund hits you with a scythe!
You die...

############ ###########
###..........# ####..........
#............###.........####
#.#..............##.....## #
#.......)....######.....# #
###..........##.........# #
#.........@@..#.......# #
######.###.#..##......# # #.#
#....#...)...##### #.#
##(..#..##.......# #######.##
#................
#........####...###.........
#...........##...###........
#........##.......##........
#........##.................


You could see Sigmund.

Vanquished Creatures
  A leopard gecko (D:1)
  2 ball pythons (D:1)
  3 bats (D:1)
  A giant cockroach (D:1)
  2 goblins (D:1)
  4 hobgoblins (D:1)
  2 frilled lizards (D:1)
  3 kobolds (D:1)
  3 rats (D:1)
21 creatures vanquished.

Notes
Turn   | Place    | Note
-------+----------+-------------------------------------------
     0 | D:1      | roguesci the Draconian Ice Elementalist began the quest for the Orb.
     0 | D:1      | Reached XP level 1. HP: 14/14 MP: 3/3
     2 | D:1      | Noticed a centaur
     2 | D:1      | Noticed a ghoul
     4 | D:1      | Noticed a formicid
     6 | D:1      | Noticed a vampire
     6 | D:1      | Noticed a troll
     8 | D:1      | Noticed a draconian
    10 | D:1      | Noticed a spriggan
    10 | D:1      | Noticed an elf
    12 | D:1      | Noticed a human
    12 | D:1      | Noticed a demigod
    14 | D:1      | Noticed a demonspawn
    16 | D:1      | Noticed a minotaur
    18 | D:1      | Noticed a halfling
    18 | D:1      | Noticed a merfolk
    20 | D:1      | Noticed an octopode
    20 | D:1      | Noticed a naga
    22 | D:1      | Noticed an ogre
    22 | D:1      | Noticed a dwarf
    24 | D:1      | Noticed a felid
    24 | D:1      | Noticed a tengu
    26 | D:1      | Noticed a gargoyle
    26 | D:1      | Noticed a vine stalker
   256 | D:1      | Reached skill level 1 in Fighting
   256 | D:1      | Reached XP level 2. HP: 19/23 MP: 5/5
   806 | D:2      | Noticed Sigmund
   814 | D:1      | HP: 1/23 [Sigmund/scythe (7)]
   815 | D:1      | Mangled by Sigmund

Vault maps used:
D:1:      kb_arrival_jail
D:2:      lemuel_round_altar, uniq_sigmund

Skill      XL: |  1  2 |
---------------+-------+-----
Stealth        | 2 |  2.0
Fighting       | 1 |  1.2
Dodging        | 2 |  2.0
Maces & Flails | |  0.4
Spellcasting   | |  2.3
Conjurations   | |  1.0
Ice Magic      | |  3.0

Action                   || total
-------------------------++-------
Melee: Club              ||    51
       Unarmed           ||    10
       Tailslap          ||     6
Throw: Stone             ||    11
 Cast: Freeze            ||    16
  Use: Potion            ||     2
Armor: Skin              ||    36
Dodge: Dodged            ||    83
